 Dungeon Crawl Stone Soup version 0.18-a0-1764-gf4ddf0b (webtiles) character file.

70 M4edhros the Stinger (level 4, 0/27 HPs)
             Began as an Octopode Venom Mage on Apr 13, 2016.
             Killed by divine providence
             ... invoked by an orc priest
              (16 damage)
             ... on level 4 of the Dungeon.
             The game lasted 00:05:19 (2867 turns).

M4edhros the Stinger (Octopode Venom Mage)          Turns: 2867, Time: 00:05:19

Health: 0/27       AC:  1    Str:  7    XL:     4   Next: 22%
Magic:  4/7        EV: 12    Int: 17    God:
Gold:   195        SH:  0    Dex: 13    Spells: 1 memorised, 6 levels left

rFire  + . .     SeeInvis .     o - +0 trident
rCold  . . .     Gourm    .     (no shield)
rNeg   . . .     Faith    .     (helmet restricted)
rPois  .         Spirit   .     (no amulet)
rElec  .         Dismiss  .     (no ring)
rCorr  .         Reflect  .     (no ring)
SustAt .         Harm     .     (no ring)
MR     .....                    (no ring)
Stlth  +++.......               (no ring)
                                (no ring)
                                (no ring)
                                (no ring)

@: about to teleport, not resistant to hostile enchantments, fairly stealthy
A: almost no armour, amphibious, 8 rings, constrict 8, tentacle spike 1,
camouflage 1, blurry vision 1, fire resistance 1, gelatinous body 1
a: no special abilities


You were on level 4 of the Dungeon.
You were not hungry.

You visited 1 branch of the dungeon, and saw 4 of its levels.

You collected 195 gold pieces.

Inventory:

Hand Weapons
 g - a +0 hunting sling
 n - a +0 dagger
 o - a +0 trident (weapon)
Missiles
 e - 14 exploding sling bullets
 j - 64 stones (quivered)
 k - 19 sling bullets
 m - 7 curare-tipped needles
 p - 6 poisoned javelins
 q - 5 javelins
Scrolls
 c - 3 scrolls of teleportation
 i - a scroll of remove curse
Potions
 f - 2 potions of curing
 l - a potion of agility
Books
 a - a Young Poisoner's Handbook

   Spells                             Type                      Level
   a - Sting                          Conjuration/Poison           1
   b - Cure Poison                    Poison                       2
   c - Mephitic Cloud                 Conjuration/Poison/Air       3
   d - Olgreb's Toxic Radiance        Poison                       4
   e - Venom Bolt                     Conjuration/Poison           5
Comestibles
 b - a bread ration
 d - 3 fruits
 r - a meat ration


   Skills:
 - Level 2.0 Dodging
 - Level 2.6 Stealth
 - Level 2.0 Spellcasting
 + Level 6.8 Poison Magic


You had 6 spell levels left.
You knew the following spells:

 Your Spells              Type           Power        Failure   Level  Hunger
a - Sting                 Conj/Pois      ##..         6%          1    #......


Dungeon Overview and Level Annotations

Branches:
Dungeon (4/15)
 Temple: D:4-7

Altars:
Ru
The Shining One

Annotations:
D:2 Crazy Yiuf, Sigmund
D:3 Gruesome's ghost, amateur DsMo


Innate Abilities, Weirdness & Mutations

You cannot wear most types of armour.
You are amphibious.
You can wear up to eight rings at the same time.
You can use your tentacles to constrict eight enemies at once.
Your skin changes colour to match your surroundings (Stealth).
Your rubbery body absorbs attacks (AC +1).
One of your tentacles bears a spike.
Scrolls take you a little longer to read.
Your flesh is heat resistant.


Message History

Aiming: Sting
Press: ? - help, Shift-Dir - straight line, f/p - orc priest
Aim: an orc priest, wielding a flail The sting hits the orc priest.
The orc priest is poisoned.
The orc priest is moderately wounded.
Casting: Sting
Confirm with . or Enter, or press ? or * to list all spells.
Aiming: Sting
Press: ? - help, Shift-Dir - straight line, f/p - orc priest
Aim: an orc priest, wielding a flail (moderately wounded, poisoned)
The sting hits the orc priest.
The orc priest looks even sicker.
The orc priest is heavily wounded.
The orc priest calls down the wrath of Beogh upon you.
Pain shoots through your body! The orc completely misses you.
The orc wizard mumbles some strange words.
The orc wizard blinks!
The orc priest mumbles some strange prayers to Beogh against you.
Beogh smites you!
Ouch! That really hurt!
You die...

#.######.....### #.#
#.......# #.# ####....#
#.# #....# #.# #....#
#.# #....# #.# #.o..# #
#.# #....##.#.#.# #.#
#....@o......
#.#########.....o....##
#.##.....##.....o....#
#.##.....####.....§o.#
#.##.....# #.........#
#........####.....#...#
####...<.........##...#
#.....#######.# ###
#.....#


You could see 2 orc priests, an orc wizard and 2 orcs.

Vanquished Creatures
  An adder (D:2)
  2 oozes
  2 dart slugs
  An orc (D:3)
  8 bats
  4 giant cockroaches
  5 goblins
  7 hobgoblins
  3 jackals (D:3)
  A ball python (D:1)
  4 kobolds
  6 rats
  A fungus (D:2)
45 creatures vanquished.

Notes
Turn   | Place    | Note
--------------------------------------------------------------
     0 | D:1      | M4edhros the Octopode Venom Mage began the quest for the Orb.
     0 | D:1      | Reached XP level 1. HP: 11/11 MP: 3/3
    74 | D:1      | Reached skill level 5 in Poison Magic
   497 | D:1      | Reached XP level 2. HP: 17/17 MP: 1/5
  1262 | D:2      | Reached XP level 3. HP: 18/21 MP: 0/6
  1300 | D:2      | Reached skill level 6 in Poison Magic
  1577 | D:2      | Gained mutation: One of your tentacles bears a spike. [potion of mutation]
  1577 | D:2      | Gained mutation: Scrolls take you a little longer to read. [potion of mutation]
  1577 | D:2      | Gained mutation: Your flesh is heat resistant. [potion of mutation]
  2028 | D:2      | Reached XP level 4. HP: 27/27 MP: 5/7
  2067 | D:2      | Noticed Sigmund
  2068 | D:2      | Noticed Crazy Yiuf
  2275 | D:3      | Found a glowing golden altar of the Shining One.
  2345 | D:3      | Found a sacrificial altar of Ru.
  2370 | D:3      | Noticed Gruesome's ghost (amateur DsMo)
  2867 | D:4      | Killed from afar by an orc priest

Vault maps used:
D:1:      lightli_arrival_statue_moat, roderic_filled_cross
D:2:      first_bread, uniq_crazy_yiuf_cottage, uniq_sigmund
D:3:      nicolae_tso_carved_into_rock, nicolae_ru_path_of_blood
D:4:      lightli_ossuary_entry_decrepit_ruins, minmay_unequal

Skill      XL: |  1  2  3 |
---------------+----------+-----
Poison Magic   | 5 6 |  6.8
Dodging        | |  2.0
Stealth        | |  2.6
Spellcasting   | |  2.0

Action                   |  1- 3 |  4- 6 || total
-------------------------+-------+-------++-------
Melee: Unarmed           |    35 |    13 ||    48
       Constrict         |     7 |     2 ||     9
       Tentacles         |     5 |     5 ||    10
       Kick              |     1 |     7 ||     8
       Trident           |       |     8 ||     8
       Dagger            |       |     2 ||     2
 Cast: Sting             |    72 |    30 ||   102
  Use: Potion            |     4 |     1 ||     5
       Scroll            |       |     4 ||     4
 Stab: Sleeping          |       |     2 ||     2
  Eat: Chunk             |     4 |     4 ||     8
Armor: Skin              |     6 |     1 ||     7
Dodge: Dodged            |    33 |     6 ||    39
